 Dungeon Crawl Stone Soup version 0.31-a0-214-gb37851dbb3 (webtiles) character file.

Game seed: 600633494691056071

52662 qw the Cleaver (level 14, 0/90 HPs)
             Began as a Gargoyle Fighter on July 1, 2023.
             Was a High Priest of Okawaru.
             Slain by an ice devil (20 damage)
             ... on level 5 of the Lair of Beasts.
             The game lasted 00:09:11 (15849 turns).

qw the Cleaver (Gargoyle Fighter)                  Turns: 15849, Time: 00:09:11

Health: 0/90       AC: 42    Str: 24    XL:     14   Next: 65%
Magic:  18/21      EV: 12    Int: 10    God:    Okawaru [*****.]
Gold:   760        SH: 15    Dex: 12    Spells: 13/13 levels left

rFire   . . .        Y - +3 war axe
rCold   . . .        f - +2 kite shield
rNeg    + + .        e - +0 pearl dragon scales
rPois   inf          g - +2 hat
rElec   +            v - +0 cloak
rCorr   .            q - +1 Delatra's gloves {ID++}
SInv    .            y - +2 pair of boots of Exclusion {Dex+3}
Will    +....        u - amulet of regeneration
Stlth   +            s - +4 ring of protection
HPRegen 1.15/turn    (no ring)
MPRegen 0.17/turn

%: no passive effects
@: about to teleport, heroic, finesse-ful, spiked, flying
A: sickness immunity, AC +10, big wings, negative energy resistance 1,
electricity resistance, torment resistance 1, petrification resistance
a: Renounce Religion, Heroism, Finesse, Duel


You were on level 5 of the Lair of Beasts.
You worshipped Okawaru.
Okawaru was extremely pleased with you.
You visited 3 branches of the dungeon, and saw 16 of its levels.
You also visited: Gauntlet.

You collected 859 gold pieces.
You spent 99 gold pieces at shops.


Innate Abilities, Weirdness & Mutations

You are immune to sickness and miasma.
Your stone body is resilient. (AC +10)
You are immune to poison.
Your large and strong wings let you fly.
You resist negative energy. (rN+)
You are resistant to electric shocks. (rElec)
You are resistant to unholy torment.
You are immune to petrification.


   Skills:
 - Level 11.0(16.0) Fighting
 - Level 14.1(19.1) Axes
 - Level 4.2(9.2) Throwing
 - Level 12.2(17.2) Armour
 - Level 3.0(8.0) Dodging
 + Level 10.0(15.0) Shields
 - Level 10.0 Invocations


You had 13 spell levels left.
You didn't know any spells.
Your spell library was empty.

Inventory:

Hand Weapons
 r - a +1 hand axe of flaming
 Y - a +3 war axe (weapon)
Missiles
 o - 2 javelins (quivered)
 p - 13 boomerangs
 x - 2 silver boomerangs
Armour
 e - +0 pearl dragon scales (worn)
 f - a +2 kite shield (worn)
 g - a +2 hat (worn)
 q - the +1 Delatra's gloves (worn) {ID++}
   (You found it on level 4 of the Dungeon)

   ID++:      It heals its wearer when they drink unknown potions, and restores
   their MP when they read unknown scrolls.
 v - a +0 cloak (worn)
 y - the +2 pair of boots of Exclusion (worn) {Dex+3}
   (You found it on level 3 of the Lair of Beasts)

   Dex:       It affects your dexterity (+3).
Jewellery
 s - a +4 ring of protection (left hand)
 u - an amulet of regeneration (around neck)
Wands
 w - a wand of digging (7)
Scrolls
 b - 3 scrolls of identify
 h - 5 scrolls of teleportation
Potions
 a - 4 potions of curing
 d - 4 potions of might
 i - 2 potions of lignification
 j - a potion of haste
 k - a potion of mutation
 l - 3 potions of enlightenment
 m - a potion of magic
 n - a potion of attraction
 t - 2 potions of cancellation

Dungeon Overview and Level Annotations

Branches:
Dungeon (10/15)            Temple (1/1) D:6            Lair (5/5) D:10
  Swamp (0/4) Lair:3        Snake (0/4) Lair:3        Slime (0/5) Lair:4
Gauntlet (visited)
    Orc: D:9-12

Altars:
Ashenzari
Cheibriados
Dithmenos
Elyvilon
Fedhas
Gozag
Hepliaklqana
Kikubaaqudgha
Makhleb
Nemelex Xobeh
Okawaru
Qazlal
Ru
Sif Muna
Trog
Uskayaw
Vehumet
Wu Jian
Xom
Yredelemnul
Zin
The Shining One
Jiyva

Shops:
D:10 ?

Annotations:
Lair:2 2 transporters, qw's ghost, journeyman GrHu


Message History

You block the red devil's attack. You block the ice devil's attack.
You slash the ice devil!
You kill the ice devil!
Okawaru accepts your kill.
The barbs in your skin will harm you if you move.
Continue?
The barbed spikes dig painfully into your body as you move.
You block the ice devil's attack. The red devil barely misses you.
You slash the red devil!
The red devil is moderately wounded.
You hit the ice devil but do no damage. You barely miss the red devil.
The red devil is moderately wounded.
You hit the ice devil.
A smoke demon comes into view.
You block the red devil's attack. The ice devil misses you.
You completely miss the red devil.
The red devil is moderately wounded.
You barely miss the ice devil.
The smoke demon roars!
You miss the red devil.
The red devil is moderately wounded.
You hit the ice devil. The red devil closely misses you.
You block the ice devil's attack.
You closely miss the red devil.
The red devil is moderately wounded.
You closely miss the ice devil. You closely miss the red devil.
The red devil is moderately wounded.
You hit the ice devil. You slash the red devil!
The red devil is severely wounded.
You slash the ice devil! You block the red devil's attack.
The ice devil misses you. The smoke demon gestures at you.
Something smites you!
15849 ||| READING 6 scrolls of teleportation.
As you read the scroll of teleportation, it crumbles to dust.
You feel strangely unstable. The ice devil hits you.
The ice devil freezes you!!
You die...

77..777 77...7777 7777..7%
77..77 777....777...777.
7....7 777.%.%...77 77
######''###### 777.77.77
.............#########+77777
....8....8...#.....)..#
.............'...8(8..#
##############..8.#...#
#.4@8.#..# #34#.8...#
..'...#.8..# ....#..8.8...#
... #........# ~# ##########


You could see an ice devil, a smoke demon and a red devil.

Vanquished Creatures
  A minotaur (Gauntlet)
  A great orb of eyes (Gauntlet)
  2 hydras (Lair:4)
  A boulder beetle (Lair:3)
  A catoblepas (Lair:3)
  Erica (D:8)
  A two-headed ogre (D:9)
  A tengu warrior (Gauntlet)
  7 skysharks
  A sun demon (Lair:5)
  A wizard (Lair:5)
  An ugly thing (Gauntlet)
  5 elephants (Lair:5)
  Joseph (D:8)
  A torpor snail (Lair:3)
  3 black mambas
  A minotaur zombie (Gauntlet)
  11 cane toads
  7 rime drakes
  8 komodo dragons
  3 ice devils (Lair:5)
  A tengu conjurer (Gauntlet)
  4 trolls
  A polar bear (Lair:5)
  Prince Ribbit (D:8)
  8 blink frogs
  5 dream sheep (Lair:5)
  A slime creature (Gauntlet)
  12 wyverns
  A shadow (D:10)
  3 basilisks
  35 yaks
  Grum (D:8)
  4 hell hounds (Lair:5)
  24 water moccasins
  A sky beast (D:8)
  6 orc warriors
  4 black bears
  A centaur (D:10)
  3 ogres (D:6)
  12 wolves
  A phantom (D:7)
  A kobold brigand (D:6)
  10 bullfrogs
  7 scorpions
  3 gnoll sergeants
  5 wights (D:7)
  12 killer bees
  4 electric eels
  A howler monkey (D:6)
  5 hounds
  A jelly (D:7)
  3 orc priests
  7 hell rats (Lair:4)
  3 iguanas
  A sleepcap (D:7)
  Terence (D:3)
  9 orc wizards
  Robin (D:2)
  16 gnolls
  12 adders
  A shadow imp (D:8)
  An ufetubus (D:5)
  3 worms
  2 dart slugs
  31 orcs
  3 bats
  7 endoplasms
  2 giant cockroaches
  13 goblins (D:2)
  8 hobgoblins
  2 jackals (D:4)
  2 quokkas
  11 ball pythons
  3 frilled lizards
  11 kobolds
  5 rats
395 creatures vanquished.

Vanquished Creatures (others)
  A sky beast (D:8)
  An orc wizard (D:7)
2 creatures vanquished.

Grand Total: 397 creatures vanquished

Notes
Turn   | Place    | Note
-------+----------+-------------------------------------------
     0 | D:1      | qw the Gargoyle Fighter began the quest for the Orb.
     0 | D:1      | Reached XP level 1. HP: 14/14 MP: 1/1
     0 | D:1      | 0 ||| qw: Version: 0.3-a-32-g5962c71
     0 | D:1      | 0 ||| qw: Game counter: 7639
     0 | D:1      | 0 ||| qw: Melee chars always use a shield: true
     0 | D:1      | 0 ||| qw: God list: Okawaru
     0 | D:1      | 0 ||| qw: Allow faded altars: false
     0 | D:1      | 0 ||| qw: Do Orc after clearing Dungeon:15 true
     0 | D:1      | 0 ||| qw: Do second Lair branch before Depths: true
     0 | D:1      | 0 ||| qw: Lair rune preference: random
     0 | D:1      | 0 ||| qw: Goals: Normal, Zot:1-4, Slime:5, God:TSO, Crypt,
                  | Tomb, Abyss, Pan, Hells, Win
     0 | D:1      | 0 ||| PLANNING D:1-11
    60 | D:1      | Reached skill level 2 in Axes
   349 | D:1      | Reached XP level 2. HP: 15/19 MP: 2/2
   532 | D:1      | 532 ||| Stepping ~*~*~tactically~*~*~ (stealth).
   813 | D:1      | 813 ||| DROPPING ring of wizardry.
   814 | D:1      | 814 ||| READING scroll labelled UBLATU XIEJE.
   815 | D:1      | 815 ||| READING scroll labelled LAOVUYS NAMU.
   816 | D:1      | 816 ||| READING scroll labelled TEXKAE QI SA FING.
   820 | D:1      | 820 ||| READING scroll labelled IBEMUO WATE.
   839 | D:2      | Found a glowing silver altar of Zin.
   843 | D:2      | 843 ||| STAIRDANCE
   895 | D:2      | Reached skill level 3 in Axes
   895 | D:2      | Reached XP level 3. HP: 23/23 MP: 3/3
  1236 | D:2      | 1236 ||| DROPPING +0 club.
  1282 | D:2      | Noticed Robin
  1283 | D:2      | Reached XP level 4. HP: 27/28 MP: 4/4
  1283 | D:2      | 1283 ||| Stepping ~*~*~tactically~*~*~ (hiding).
  1294 | D:2      | Killed Robin
  1295 | D:2      | Reached skill level 4 in Axes
  1295 | D:2      | 1295 ||| FLEEEEING.
  1306 | D:2      | 1306 ||| Stepping ~*~*~tactically~*~*~ (stealth).
  1312 | D:2      | 1312 ||| Stepping ~*~*~tactically~*~*~ (stealth).
  1323 | D:2      | 1323 ||| Stepping ~*~*~tactically~*~*~ (stealth).
  1364 | D:2      | HP: 6/28 [worm (3)]
  1455 | D:2      | 1455 ||| DROPPING +0 whip.
  1973 | D:2      | 1973 ||| UPGRADING to +0 pair of boots.
  1978 | D:2      | 1978 ||| UPGRADING to +2 hat.
  1983 | D:2      | 1983 ||| READING scroll labelled YLIVI VEHOJU.
  2001 | D:3      | Noticed Terence
  2019 | D:3      | Killed Terence
  2020 | D:3      | Reached XP level 5. HP: 26/32 MP: 5/5
  2487 | D:3      | Reached skill level 5 in Axes
  2535 | D:3      | 2535 ||| Stepping ~*~*~tactically~*~*~ (hiding).
  2539 | D:3      | 2539 ||| Stepping ~*~*~tactically~*~*~ (hiding).
  2744 | D:3      | Found a faded altar of an unknown god.
  3103 | D:3      | 3103 ||| UPGRADING to +0 chain mail.
  3113 | D:3      | 3113 ||| DROPPING +0 scale mail.
  3114 | D:3      | 3114 ||| UPGRADING to +0 pair of gloves.
  3119 | D:3      | 3119 ||| DRINKING 2 bubbling ruby potions.
  3120 | D:3      | 3120 ||| DRINKING 2 orange potions.
  3121 | D:3      | 3121 ||| DRINKING 3 murky orange potions.
  3122 | D:3      | 3122 ||| DROPPING potion of brilliance.
  3161 | D:4      | Noticed a water moccasin
  3171 | D:4      | Killed a water moccasin
  3172 | D:4      | Reached XP level 6. HP: 35/38 MP: 6/6
  3307 | D:4      | Reached skill level 6 in Axes
  3345 | D:4      | Found the +1 Delatra's gloves {ID++}
  3376 | D:4      | Reached skill level 1 in Dodging
  3376 | D:4      | Reached XP level 7. HP: 40/43 MP: 7/7
  3907 | D:4      | 3907 ||| UPGRADING to +0 pearl dragon scales.
  3917 | D:4      | 3917 ||| DROPPING +0 chain mail.
  3918 | D:4      | 3918 ||| UPGRADING to +1 Delatra's gloves {ID++}.
  3928 | D:4      | 3928 ||| DROPPING +0 pair of gloves.
  3929 | D:4      | 3929 ||| DROPPING ring of flight.
  3930 | D:4      | 3930 ||| READING scroll labelled XARUSS JOLU.
  3931 | D:4      | 3931 ||| READING scroll labelled TETUWI VOEFUR.
  4067 | D:5      | Entered Level 5 of the Dungeon
  4185 | D:5      | Reached skill level 7 in Axes
  4439 | D:5      | Reached XP level 8. HP: 41/49 MP: 8/8
  4598 | D:5      | 4598 ||| DRINKING 2 red potions.
  4599 | D:5      | 4599 ||| READING 2 scrolls of identify.
  4599 | D:5      | 4599 ||| IDENTIFYING cyan potion
  4746 | D:6      | Reached skill level 8 in Axes
  4780 | D:6      | 4780 ||| Stepping ~*~*~tactically~*~*~ (stealth).
  4941 | D:6      | 4941 ||| Stepping ~*~*~tactically~*~*~ (stealth).
  4942 | D:6      | 4942 ||| Stepping ~*~*~tactically~*~*~ (stealth).
  4949 | D:6      | Reached skill level 6 in Fighting
  5189 | D:6      | 5189 ||| Stepping ~*~*~tactically~*~*~ (stealth).
  5190 | D:6      | 5190 ||| Stepping ~*~*~tactically~*~*~ (stealth).
  5284 | D:6      | Found a staircase to the Ecumenical Temple.
  5285 | D:6      | 5285 ||| PLANNING TEMPLE
  5285 | D:6      | 5285 ||| READING scroll labelled YKKESE ITIGO.
  5286 | D:6      | 5286 ||| READING scroll labelled GITOLELINO.
  5287 | D:6      | 5287 ||| READING scroll labelled JOEPPO RYQOMUTZ.
  5297 | Temple   | Entered the Ecumenical Temple
  5306 | Temple   | 5306 ||| PLANNING OKAWARU WORSHIP
  5349 | Temple   | Became a worshipper of Warmaster Okawaru
  5350 | Temple   | 5350 ||| PLANNING D:1-11
  5559 | D:6      | 5559 ||| Stepping ~*~*~tactically~*~*~ (stealth).
  5574 | D:6      | 5574 ||| DRINKING potion of curing.
  5574 | D:6      | 5574 ||| (to cure confusion)
  5590 | D:6      | Reached XP level 9. HP: 43/55 MP: 9/9
  5824 | D:7      | 5824 ||| STAIRDANCE
  5829 | D:6      | Reached * piety under Okawaru
  5830 | D:6      | Reached skill level 9 in Axes
  6027 | D:7      | Reached skill level 1 in Invocations
  6164 | D:7      | 6164 ||| INVOKING Heroism.
  6207 | D:7      | 6207 ||| INVOKING Heroism.
  6210 | D:7      | Reached skill level 3 in Invocations
  6351 | D:7      | 6351 ||| Stepping ~*~*~tactically~*~*~ (stealth).
  6352 | D:7      | 6352 ||| INVOKING Heroism.
  6379 | D:7      | 6379 ||| Stepping ~*~*~tactically~*~*~ (stealth).
  6380 | D:7      | 6380 ||| Stepping ~*~*~tactically~*~*~ (stealth).
  6388 | D:7      | 6388 ||| INVOKING Heroism.
  6392 | D:7      | 6392 ||| Stepping ~*~*~tactically~*~*~ (hiding).
  6399 | D:7      | 6399 ||| Stepping ~*~*~tactically~*~*~ (hiding).
  6403 | D:7      | 6403 ||| Stepping ~*~*~tactically~*~*~ (hiding).
  6404 | D:7      | 6404 ||| Stepping ~*~*~tactically~*~*~ (hiding).
  6405 | D:7      | 6405 ||| Stepping ~*~*~tactically~*~*~ (hiding).
  6539 | D:7      | Identified the +3 dire flail of Kismet {drain, rC+}
  6680 | D:7      | Reached skill level 1 in Throwing
  6818 | D:7      | 6818 ||| DROPPING +1 hat.
  6923 | D:8      | 6923 ||| Stepping ~*~*~tactically~*~*~ (hiding).
  6924 | D:8      | 6924 ||| Stepping ~*~*~tactically~*~*~ (hiding).
  6925 | D:8      | 6925 ||| Stepping ~*~*~tactically~*~*~ (hiding).
  6926 | D:8      | 6926 ||| Stepping ~*~*~tactically~*~*~ (hiding).
  6993 | D:8      | Noticed Prince Ribbit
  6997 | D:8      | 6997 ||| INVOKING Heroism.
  7013 | D:8      | Killed Prince Ribbit
  7201 | D:8      | 7201 ||| Stepping ~*~*~tactically~*~*~ (hiding).
  7224 | D:8      | Reached skill level 10 in Axes
  7224 | D:8      | Reached XP level 10. HP: 63/63 MP: 13/13
  7225 | D:8      | 7225 ||| INVOKING Heroism.
  7452 | D:8      | 7452 ||| Stepping ~*~*~tactically~*~*~ (hiding).
  7453 | D:8      | 7453 ||| Stepping ~*~*~tactically~*~*~ (hiding).
  7456 | D:8      | 7456 ||| Stepping ~*~*~tactically~*~*~ (hiding).
  7512 | D:8      | Reached skill level 6 in Armour
  7538 | D:8      | Noticed Joseph
  7539 | D:8      | 7539 ||| Stepping ~*~*~tactically~*~*~ (hiding).
  7543 | D:8      | 7543 ||| Stepping ~*~*~tactically~*~*~ (hiding).
  7548 | D:8      | 7548 ||| INVOKING Heroism.
  7556 | D:8      | Killed Joseph
  7686 | D:8      | Found an opulent altar of Gozag.
  7701 | D:8      | Noticed Erica
  7702 | D:8      | 7702 ||| INVOKING Heroism.
  7704 | D:8      | 7704 ||| Stepping ~*~*~tactically~*~*~ (hiding).
  7705 | D:8      | 7705 ||| Stepping ~*~*~tactically~*~*~ (hiding).
  7719 | D:8      | 7719 ||| INVOKING Heroism.
  7721 | D:8      | 7721 ||| DRINKING potion of curing.
  7721 | D:8      | 7721 ||| (to cure confusion)
  7737 | D:8      | Noticed Grum
  7740 | D:8      | 7740 ||| INVOKING Heroism.
  7741 | D:8      | HP: 15/64 [wolf[Grum] (5)]
  7742 | D:8      | 7742 ||| READING 3 scrolls of teleportation.
  7742 | D:8      | HP: 7/64 [wolf[Grum] (1)]
  7743 | D:8      | 7743 ||| DRINKING 2 potions of heal wounds.
  7867 | D:8      | 7867 ||| INVOKING Heroism.
  7893 | D:8      | Killed Erica
  7908 | D:8      | 7908 ||| Stepping ~*~*~tactically~*~*~ (stealth).
  7909 | D:8      | 7909 ||| INVOKING Heroism.
  7919 | D:8      | Killed Grum
  7926 | D:8      | 7926 ||| Stepping ~*~*~tactically~*~*~ (stealth).
  7939 | D:8      | Reached ** piety under Okawaru
  8006 | D:8      | Found a stormy altar of Qazlal.
  8022 | D:8      | 8022 ||| DROPPING +0 morningstar.
  8087 | D:8      | Found a hide-covered altar of Uskayaw.
  8102 | D:8      | Found a shadowy altar of Dithmenos.
  8122 | D:8      | 8122 ||| READING scroll labelled ICACUSKO ISOUDD.
  8212 | D:9      | 8212 ||| INVOKING Heroism.
  8239 | D:9      | 8239 ||| Stepping ~*~*~tactically~*~*~ (stealth).
  8251 | D:9      | 8251 ||| Stepping ~*~*~tactically~*~*~ (stealth).
  8255 | D:9      | 8255 ||| INVOKING Heroism.
  8275 | D:9      | HP: 15/64 [troll (5)]
  8276 | D:9      | 8276 ||| READING 2 scrolls of teleportation.
  8276 | D:9      | HP: 5/64 [troll (10)]
  8277 | D:9      | 8277 ||| DRINKING potion of heal wounds.
  8411 | D:9      | Noticed a two-headed ogre
  8412 | D:9      | 8412 ||| INVOKING Heroism.
  8425 | D:9      | Killed a two-headed ogre
  8439 | D:9      | Found a sparkling altar of Nemelex Xobeh.
  8462 | D:9      | Reached skill level 11 in Axes
  8565 | D:9      | 8565 ||| Stepping ~*~*~tactically~*~*~ (hiding).
  8618 | D:9      | 8618 ||| INVOKING Heroism.
  8630 | D:9      | Reached XP level 11. HP: 28/69 MP: 12/14
  8630 | D:9      | HP: 17/69 [yak (11)]
  8631 | D:9      | 8631 ||| READING scroll of teleportation.
  8647 | D:9      | HP: 10/69 [killer bee (6)]
  8650 | D:9      | 8650 ||| INVOKING Heroism.
  8886 | D:9      | Found a bloodstained altar of Trog.
  8886 | D:9      | Found a blossoming altar of Fedhas.
  8892 | D:9      | 8892 ||| INVOKING Heroism.
  8901 | D:9      | Reached skill level 9 in Fighting
  9085 | D:9      | 9085 ||| INVOKING Heroism.
  9178 | D:9      | 9178 ||| INVOKING Heroism.
  9375 | D:9      | 9375 ||| READING scroll labelled QEOXEU EMAPODE.
  9393 | D:10     | Entered Level 10 of the Dungeon
  9504 | D:10     | 9504 ||| INVOKING Heroism.
  9522 | D:10     | Reached *** piety under Okawaru
  9525 | D:10     | Reached skill level 12 in Axes
  9533 | D:10     | Reached skill level 6 in Shields
  9632 | D:10     | Found a staircase to the Lair.
  9815 | D:10     | 9815 ||| INVOKING Heroism.
  9905 | D:10     | 9905 ||| INVOKING Heroism.
 10108 | D:10     | Found Seog's Magic Scroll Boutique.
 10118 | D:10     | 10118 ||| BUYING scroll of identify (22 gold).
 10118 | D:10     | Bought a scroll of identify for 22 gold pieces
 10118 | D:10     | 10118 ||| BUYING scroll of identify (22 gold).
 10118 | D:10     | Bought a scroll of identify for 22 gold pieces
 10118 | D:10     | 10118 ||| BUYING scroll of identify (22 gold).
 10118 | D:10     | Bought a scroll of identify for 22 gold pieces
 10118 | D:10     | 10118 ||| BUYING scroll of teleportation (33 gold).
 10118 | D:10     | Bought a scroll of teleportation for 33 gold pieces
 10344 | D:10     | 10344 ||| INVOKING Heroism.
 10531 | D:10     | 10531 ||| PLANNING LAIR
 10531 | D:10     | 10531 ||| DRINKING 2 coppery potions.
 10532 | D:10     | 10532 ||| READING 5 scrolls of identify.
 10532 | D:10     | 10532 ||| IDENTIFYING sedimented sapphire potion
 10533 | D:10     | 10533 ||| READING 4 scrolls of identify.
 10533 | D:10     | 10533 ||| IDENTIFYING lumpy sapphire potion
 10534 | D:10     | 10534 ||| READING 3 scrolls of identify.
 10534 | D:10     | 10534 ||| IDENTIFYING murky dark potion
 10535 | D:10     | 10535 ||| READING 2 scrolls of identify.
 10535 | D:10     | 10535 ||| IDENTIFYING smoky blue potion
 10536 | D:10     | 10536 ||| DROPPING potion of ambrosia.
 10561 | Lair:1   | Entered Level 1 of the Lair of Beasts
 10576 | Lair:1   | 10576 ||| Stepping ~*~*~tactically~*~*~ (stealth).
 10579 | Lair:1   | 10579 ||| Stepping ~*~*~tactically~*~*~ (stealth).
 10672 | Lair:1   | 10672 ||| INVOKING Heroism.
 10759 | Lair:1   | 10759 ||| INVOKING Heroism.
 10885 | Lair:1   | 10885 ||| INVOKING Heroism.
 10903 | Lair:1   | 10903 ||| INVOKING Heroism.
 10925 | Lair:1   | 10925 ||| READING scroll of enchant weapon.
 10925 | Lair:1   | 10925 ||| ENCHANTING +1 war axe.
 10960 | Lair:1   | Found a radiant altar of Vehumet.
 10962 | Lair:1   | 10962 ||| Stepping ~*~*~tactically~*~*~ (stealth).
 10967 | Lair:1   | 10967 ||| INVOKING Heroism.
 11070 | Lair:1   | 11070 ||| INVOKING Heroism.
 11169 | Lair:1   | 11169 ||| INVOKING Heroism.
 11180 | Lair:1   | Reached XP level 12. HP: 76/77 MP: 13/15
 11288 | Lair:1   | 11288 ||| Stepping ~*~*~tactically~*~*~ (stealth).
 11289 | Lair:1   | 11289 ||| Stepping ~*~*~tactically~*~*~ (stealth).
 11302 | Lair:1   | 11302 ||| FLEEEEING.
 11303 | Lair:1   | 11303 ||| FLEEEEING.
 11304 | Lair:1   | 11304 ||| FLEEEEING.
 11305 | Lair:1   | 11305 ||| FLEEEEING.
 11306 | Lair:1   | 11306 ||| FLEEEEING.
 11307 | Lair:1   | 11307 ||| FLEEEEING.
 11308 | Lair:1   | 11308 ||| FLEEEEING.
 11309 | Lair:1   | 11309 ||| FLEEEEING.
 11310 | Lair:1   | 11310 ||| FLEEEEING.
 11311 | Lair:1   | 11311 ||| FLEEEEING.
 11312 | Lair:1   | 11312 ||| FLEEEEING.
 11729 | Lair:2   | Found a transporter.
 11730 | Lair:2   | 11730 ||| PLANNING GAUNTLET
 11738 | Lair:2   | Found a gate leading to a gauntlet.
 11746 | Gauntlet | Entered a Gauntlet
 11746 | Gauntlet | Found a transporter.
 11748 | Gauntlet | Noticed a tengu warrior
 11753 | Gauntlet | Found a transporter.
 11756 | Gauntlet | Found a transporter.
 11761 | Gauntlet | Found a runed translucent door.
 11761 | Gauntlet | Found a runed translucent door.
 11767 | Gauntlet | Found a transporter.
 11770 | Gauntlet | Found a transporter.
 11779 | Gauntlet | Found a transporter.
 11794 | Gauntlet | Noticed a green death
 11797 | Gauntlet | Found a transporter.
 11808 | Gauntlet | Found a transporter.
 11810 | Gauntlet | Noticed a great orb of eyes
 11820 | Gauntlet | Found a transporter.
 11831 | Gauntlet | Found a transporter.
 11832 | Gauntlet | Found a transporter.
 11833 | Gauntlet | Found a transporter.
 11864 | Gauntlet | Found a transporter.
 11918 | Gauntlet | Found a transporter.
 12013 | Gauntlet | 12013 ||| INVOKING Heroism.
 12020 | Gauntlet | Killed a tengu warrior
 12021 | Gauntlet | Reached skill level 13 in Axes
 12158 | Gauntlet | 12158 ||| DROPPING amulet of guardian spirit.
 12159 | Gauntlet | 12159 ||| UPGRADING to amulet of regeneration.
 12164 | Gauntlet | 12164 ||| READING 2 scrolls of identify.
 12164 | Gauntlet | 12164 ||| IDENTIFYING brown potion
 12165 | Gauntlet | 12165 ||| DRINKING potion of experience.
 12165 | Gauntlet | Reached skill level 12 in Armour
 12165 | Gauntlet | Reached XP level 13. HP: 82/82 MP: 16/16
 12179 | Gauntlet | 12179 ||| INVOKING Heroism.
 12188 | Gauntlet | HP: 19/82 [great orb of eyes (13)]
 12196 | Gauntlet | Killed a great orb of eyes
 12258 | Gauntlet | 12258 ||| UPGRADING to +4 ring of protection.
 12259 | Gauntlet | 12259 ||| READING scroll labelled HUIFUA EDEETS.
 12270 | Gauntlet | Noticed a minotaur
 12271 | Gauntlet | 12271 ||| Stepping ~*~*~tactically~*~*~ (stealth).
 12272 | Gauntlet | 12272 ||| Stepping ~*~*~tactically~*~*~ (stealth).
 12276 | Gauntlet | 12276 ||| INVOKING Heroism.
 12296 | Gauntlet | Killed a minotaur
 12356 | Gauntlet | 12356 ||| INVOKING Heroism.
 12413 | Gauntlet | 12413 ||| UPGRADING to +0 cloak.
 12418 | Gauntlet | 12418 ||| READING scroll labelled ARUNWU RESCHE.
 12419 | Gauntlet | 12419 ||| READING 3 scrolls labelled UHACVU OFE SOI.
 12433 | Gauntlet | 12433 ||| DROPPING 2 scrolls of torment.
 12445 | Lair:2   | 12445 ||| PLANNING LAIR
 12452 | Lair:2   | 12452 ||| READING scroll of enchant weapon.
 12452 | Lair:2   | 12452 ||| ENCHANTING +2 war axe.
 12488 | Lair:2   | Reached skill level 3 in Throwing
 12718 | Lair:2   | Noticed qw's ghost (journeyman GrHu)
 12730 | Lair:2   | Found a transporter.
 12751 | Lair:2   | 12751 ||| INVOKING Heroism.
 12870 | Lair:2   | Reached **** piety under Okawaru
 12871 | Lair:2   | Reached skill level 14 in Axes
 13219 | Lair:2   | 13219 ||| READING 3 scrolls of identify.
 13219 | Lair:2   | 13219 ||| IDENTIFYING golden potion
 13262 | Lair:3   | 13262 ||| INVOKING Heroism.
 13263 | Lair:3   | 13263 ||| Stepping ~*~*~tactically~*~*~ (stealth).
 13264 | Lair:3   | 13264 ||| Stepping ~*~*~tactically~*~*~ (stealth).
 13290 | Lair:3   | 13290 ||| INVOKING Heroism.
 13427 | Lair:3   | 13427 ||| INVOKING Heroism.
 13509 | Lair:3   | 13509 ||| Stepping ~*~*~tactically~*~*~ (stealth).
 13510 | Lair:3   | 13510 ||| Stepping ~*~*~tactically~*~*~ (stealth).
 13564 | Lair:3   | Found a staircase to the Swamp.
 13642 | Lair:3   | 13642 ||| Stepping ~*~*~tactically~*~*~ (stealth).
 13670 | Lair:3   | 13670 ||| INVOKING Heroism.
 13680 | Lair:3   | Reached skill level 6 in Invocations
 13747 | Lair:3   | Found a staircase to the Snake Pit.
 13749 | Lair:3   | Identified the +2 pair of boots of Exclusion {Dex+3}
 13947 | Lair:3   | 13947 ||| INVOKING Heroism.
 14118 | Lair:3   | 14118 ||| UPGRADING to +2 pair of boots of Exclusion
                  | {Dex+3}.
 14128 | Lair:3   | 14128 ||| DROPPING +0 pair of boots.
 14129 | Lair:3   | 14129 ||| READING 3 scrolls of identify.
 14129 | Lair:3   | 14129 ||| IDENTIFYING ruby potion
 14130 | Lair:3   | 14130 ||| DROPPING potion of degeneration.
 14337 | Lair:4   | 14337 ||| Stepping ~*~*~tactically~*~*~ (stealth).
 14342 | Lair:4   | 14342 ||| INVOKING Heroism.
 14357 | Lair:4   | 14357 ||| SWAPPING to +1 hand axe of flaming.
 14359 | Lair:4   | 14359 ||| SWAPPING to +3 war axe.
 14363 | Lair:4   | 14363 ||| SWAPPING to +1 hand axe of flaming.
 14372 | Lair:4   | 14372 ||| INVOKING Heroism.
 14379 | Lair:4   | Reached skill level 3 in Dodging
 14379 | Lair:4   | 14379 ||| SWAPPING to +3 war axe.
 14381 | Lair:4   | Gained mutation: Your large and strong wings let you fly.
                  | [Gargoyle growth]
 14381 | Lair:4   | Reached XP level 14. HP: 39/90 MP: 16/19
 14496 | Lair:4   | Received a gift from Okawaru
 14523 | Lair:4   | Reached ***** piety under Okawaru
 14625 | Lair:4   | Found a staircase to the Slime Pits.
 14626 | Lair:4   | Found a viscous altar of Jiyva.
 14751 | Lair:4   | 14751 ||| INVOKING Heroism.
 14755 | Lair:4   | 14755 ||| SWAPPING to +1 hand axe of flaming.
 14758 | Lair:4   | 14758 ||| SWAPPING to +3 war axe.
 15218 | Lair:4   | 15218 ||| UPGRADING to +2 kite shield.
 15228 | Lair:4   | 15228 ||| DROPPING +0 buckler.
 15255 | Lair:5   | Entered Level 5 of the Lair of Beasts
 15261 | Lair:5   | 15261 ||| STAIRDANCE
 15283 | Lair:5   | 15283 ||| Stepping ~*~*~tactically~*~*~ (stealth).
 15291 | Lair:5   | 15291 ||| Stepping ~*~*~tactically~*~*~ (stealth).
 15324 | Lair:5   | 15324 ||| Stepping ~*~*~tactically~*~*~ (stealth).
 15332 | Lair:5   | 15332 ||| Stepping ~*~*~tactically~*~*~ (stealth).
 15464 | Lair:5   | 15464 ||| Stepping ~*~*~tactically~*~*~ (stealth).
 15471 | Lair:5   | Reached skill level 9 in Invocations
 15490 | Lair:5   | 15490 ||| INVOKING Heroism.
 15500 | Lair:5   | Received a gift from Okawaru
 15585 | Lair:5   | Received a gift from Okawaru
 15586 | Lair:5   | Reached skill level 9 in Shields
 15668 | Lair:5   | 15668 ||| Stepping ~*~*~tactically~*~*~ (stealth).
 15724 | Lair:5   | 15724 ||| INVOKING Heroism.
 15754 | Lair:5   | 15754 ||| FLEEEEING.
 15755 | Lair:5   | 15755 ||| FLEEEEING.
 15766 | Lair:5   | 15766 ||| INVOKING Heroism.
 15782 | Lair:5   | 15782 ||| Stepping ~*~*~tactically~*~*~ (stealth).
 15784 | Lair:5   | 15784 ||| Stepping ~*~*~tactically~*~*~ (stealth).
 15785 | Lair:5   | 15785 ||| Stepping ~*~*~tactically~*~*~ (stealth).
 15787 | Lair:5   | 15787 ||| INVOKING Finesse.
 15807 | Lair:5   | 15807 ||| INVOKING Heroism.
 15848 | Lair:5   | HP: 21/90 [smoke demon/divine providence (14)]
 15849 | Lair:5   | 15849 ||| READING 6 scrolls of teleportation.
 15849 | Lair:5   | Slain by an ice devil

Levels and vault maps discovered:
D:1:      sevenhm_arrival_forest_fort_small_4, layout_basic
D:2:      minmay_general_purpose_star, layout_basic, basic_altar,
          roderic_serpentine_path, uniq_robin
D:3:      cheibrodos_old_hovel, layout_basic,
          shapermc_ecumenical_altar_mp_vishouse, dk_vineyard_3, minivault_19,
          chequers_serial_rivers_small_a, nicolae_half_adder, uniq_terence
D:4:      layout_basic
D:5:      layout_basic, kennysheep_generic_room_3
D:6:      minmay_evil_eye, layout_layer_cave, minmay_temple_entry_wispy
D:7:      layout_cave_pools
D:8:      layout_loops_ring, grunt_dithmenos_shadows,
          nicolae_qazlal_beasts_of_the_sky, kennysheep_mini,
          mainiacjoe_overflow_chevrons, uniq_grum, uniq_joseph, uniq_erica,
          uniq_prince_ribbit1
D:9:      layout_long_grid, nicolae_overflow_two_pavilions,
          mainiacjoe_overflow_brackets, corexii_corridor_pit,
          nicolae_figureground_sparkle
D:10:     layout_basic, minmay_lair_entry_grove, serial_shops, shop
Temple:   hellmonk_temple_of_storms
Lair:1:   statuecave_lemuel, layout_regular_city, basic_altar, st_stairs_6,
          serial_bayou_shore_a, grunt_megastairs_4
Lair:2:   layout_small_grid, gauntlet_entry_generic, gammafunk_ghost_arena,
          portal_ice_cave_entry_ice_simulacra, st_stairs_9, minivault_24
Lair:3:   layout_loops_ring, swamp_mist, dummy_snake_entry,
          cheibrodos_lair_reptile_den, grunt_megastairs_3
Lair:4:   layout_cave_pods, slime_entry_1, special_room
          [special_room_mythical_zoo], infiniplex_staircase_pool_2
Lair:5:   evil_forest, layout_hall_layers, disabler_island, grunt_megastairs_5,
          lemuel_fruit_tree

Skill      XL: |  1  2  3  4  5  6  7  8  9 10 11 12 13 14 |
---------------+-------------------------------------------+-----
Axes           | 2 3 4 5 6 7 8 10 11 12 13 14 | 14.1
Fighting       | 4 5 6 7 8 10 11 | 11.0
Dodging        | 1 2 3 |  3.0
Armour         | 4 5 7 8 12 | 12.2
Invocations    | 4 7 10 | 10.0
Shields        | 4 5 6 10 | 10.0
Throwing       | 2 4 |  4.2

Action                     |  1- 3 |  4- 6 |  7- 9 | 10-12 | 13-15 || total
---------------------------+-------+-------+-------+-------+-------++-------
  Melee: War axe           |    93 |   176 |   367 |   520 |   595 ||  1751
         Hand axe          |       |       |       |       |    17 ||    17
  Throw: Boomerang         |       |     6 |    44 |    80 |    15 ||   145
         Javelin           |       |       |       |       |    91 ||    91
 Invoke: Heroism           |       |       |     5 |    27 |    16 ||    48
         Finesse           |       |       |       |       |     1 ||     1
    Use: Scroll            |     4 |     1 |     6 |    11 |     7 ||    29
         Potion            |       |     3 |     2 |     5 |       ||    10
 Armour: Scale mail        |    49 |    60 |       |       |       ||   109
         Chain mail        |       |    15 |    12 |       |       ||    27
         Pearl dragon scal |       |       |   268 |   355 |   388 ||  1011
  Dodge: Dodged            |    33 |    71 |   152 |   273 |   275 ||   804
  Block: Buckler           |    18 |    22 |    76 |   145 |    87 ||   348
         Kite shield       |       |       |       |       |   208 ||   208

Table legend:
 A = Non-vault XP
 B = Vault XP
 C = Vault XP percentage of total XP
 D = Non-vault monster count
 E = Vault monster count
 F = Vault count percentage of total count
                 A         B        C        D         E       F
            +---------+---------+-------+---------+---------+-------
      Total |   34571 |   25824 |  42.8 |     277 |     120 |  30.2
            +---------+---------+-------+---------+---------+-------
        D:1 |      26 |       0 |   0.0 |      19 |       0 |   0.0
        D:2 |      68 |      46 |  40.4 |      17 |      16 |  48.5
        D:3 |      78 |      91 |  53.8 |      15 |       6 |  28.6
        D:4 |     415 |       0 |   0.0 |      18 |       0 |   0.0
        D:5 |     491 |       0 |   0.0 |      14 |       0 |   0.0
        D:6 |     880 |     485 |  35.5 |      11 |       7 |  38.9
        D:7 |    1236 |       0 |   0.0 |      28 |       0 |   0.0
        D:8 |    1023 |    2331 |  69.5 |      23 |      10 |  30.3
        D:9 |    3549 |       0 |   0.0 |      28 |       0 |   0.0
       D:10 |    1473 |    2219 |  60.1 |      18 |      12 |  40.0
     Lair:1 |    3568 |     960 |  21.2 |      18 |       5 |  21.7
     Lair:2 |    2610 |     886 |  25.3 |      11 |       2 |  15.4
     Lair:3 |    6159 |    3398 |  35.6 |      19 |      14 |  42.4
     Lair:4 |    3948 |    3634 |  47.9 |       9 |      18 |  66.7
     Lair:5 |    9047 |    7536 |  45.4 |      29 |      23 |  44.2
   Gauntlet |       0 |    4238 | 100.0 |       0 |       7 | 100.0
            +---------+---------+-------+---------+---------+-------
